 Dungeon Crawl Stone Soup version 0.25-a0-513-ge77a692 (webtiles) character file.

Game seed: 9669939657047350209, levelgen mode: deterministic

1408 wolfsongas the Fighter (level 8, -11/57 HPs)
             Began as a Gargoyle Monk on Feb 15, 2020.
             Was an Initiate of Gozag.
             Mangled by an orc warrior
             ... wielding a +0 trident
              (12 damage)
             ... on level 6 of the Dungeon.
             The game lasted 00:09:20 (6045 turns).

wolfsongas the Fighter (Gargoyle Monk)              Turns: 6045, Time: 00:09:21

Health: -11/57     AC: 10    Str: 24 (27) XL:     8   Next: 70%
Magic:  8/8        EV: 18    Int: 10 (12) God:    Gozag
Gold:   286        SH:  0    Dex: 30 (31) Spells: 7/7 levels left

rFire    + . .     SeeInvis .   b - +9 mace "Aboz Mel" {freeze, +Fly rPois Int-3 Dex+9}
rCold    x . .     Gourm    .   (no shield)
rNeg     + . .     Faith    .   e - +0 ring mail
rPois    ∞         Spirit   .   (no helmet)
rElec    +         Reflect  .   (no cloak)
rCorr    .         Harm     .   (no gloves)
MR       .....                  (no boots)
Stlth    +++.......             (no amulet)
HPRegen  0.19/turn              l - +5 ring of dexterity
MPRegen  0.11/turn              s - ring "Ecirph" {Fire Str+4}

@: mighty, brilliant, agile, gold aura
A: negative energy resistance 1, electricity resistance, unbreathing,
petrification resistance, rot immunity, AC +5
a: Potion Petition, Call Merchant, Bribe Branch, Renounce Religion, Evoke Flight


You were on level 6 of the Dungeon.
You worshipped Gozag.
Gozag was aware of your devotion.
You were hungry.

You visited 1 branch of the dungeon, and saw 6 of its levels.

You collected 770 gold pieces.
You spent 484 gold pieces at shops.

Inventory:

Hand Weapons
 b - the +9 mace "Aboz Mel" (weapon) {freeze, +Fly rPois Int-3 Dex+9}
   (You found it on level 5 of the Dungeon)

   It has been specially enchanted to freeze those struck by it, causing extra
   injury to most foes and up to half again as much damage against particularly
   susceptible opponents.
   It can also slow down cold-blooded creatures.
   It affects your intelligence (-3).
   It affects your dexterity (+9).
   It protects you from poison.
   It lets you fly.
 m - a +3 morningstar
Armour
 e - a +0 ring mail (worn)
Jewellery
 l - a +5 ring of dexterity (left hand)
 n - a +3 ring of dexterity
 s - the ring "Ecirph" (right hand) {Fire Str+4}
   (You bought it in a shop on level 5 of the Dungeon)

   [ring of fire]

   It enhances your fire magic.
   It affects your strength (+4).
   It protects you from fire.
   It makes you vulnerable to cold.
Wands
 a - a wand of enslavement (6)
 p - a wand of flame (30)
Scrolls
 f - 5 scrolls of remove curse
 g - a scroll of amnesia
Potions
 d - 2 potions of flight
 i - 2 potions of lignification
 j - a potion of agility
 k - 2 potions of curing
 o - a potion of degeneration
Comestibles
 c - 16 rations


   Skills:
 * Level 9.9 Fighting
 + Level 6.7 Maces & Flails
 - Level 2.4 Dodging
 - Level 2.1 Stealth


You had 7 spell levels left.
You didn't know any spells.
Your spell library was empty.

Dungeon Overview and Level Annotations

Branches:
Dungeon (6/15)             Temple (0/1) D:4

Altars:
Ashenzari
Cheibriados
Dithmenos
Elyvilon
Fedhas
Gozag
Hepliaklqana
Okawaru
Qazlal
Uskayaw
The Shining One

Shops:
D:5 =


Innate Abilities, Weirdness & Mutations

You are resistant to torment.
Your stone body is resilient. (AC +5)
You are immune to poison.
You resist negative energy. (rN+)
You are resistant to electric shocks. (rElec)
You can survive without breathing.
You are immune to petrification.
You are immune to rotting.


Message History

The orc priest invokes the aid of Beogh against you.
Beogh smites you!
* * * LOW HITPOINT WARNING * * *
Okay, then. [a] - 0 gold - might, agility and brilliance [b] - 0 gold - curing and magic [c] - 0 gold - resistance and flight Purchase which effect?
You feel very mighty all of a sudden.
You feel agile all of a sudden.
You feel clever all of a sudden. The orc warrior barely misses you.
The orc priest hits you with a +0 vorpal war axe.
* * * LOW HITPOINT WARNING * * *
x2 The orc becomes distracted by the nearby gold, dreaming of imaginary riches.
The orc shouts!
You hit the orc warrior. You freeze the orc warrior.
The orc warrior is severely wounded.
The orc warrior hits you with a +0 trident!
You die...
Your body crumbles into a pile of gold.

#.........###.........
#.##.##..## ##.......#
#.###.# ##.....##
#.###.# ##...##
#..##.# ##'## ##.##.#
#.# #.##.# #.#
#.###.##.# ##.##
#...o@...# ##...##
#####o##.....##.....##
#o# ###.......... #..
#.####.###. ### # ###
#. ##


You could see an orc warrior, an orc priest and an orc.

Vanquished Creatures
  Sigmund (D:4)
  A sky beast (D:4)
  A water moccasin (D:6)
  A black bear (D:5)
  An ice beast (D:6)
  4 ogres
  2 crimson imps (D:5)
  3 hounds
  A jelly (D:5)
  An orc priest (D:3)
  A bullfrog skeleton (D:4)
  An orc wizard (D:4)
  A centaur skeleton (D:5)
  2 worker ants
  A hound skeleton (D:5)
  3 gnolls (D:5)
  3 adders
  2 oozes
  An adder zombie (D:5)
  7 worms
  A dart slug (D:1)
  4 leopard geckos
  10 orcs
  9 bats
  A bat skeleton (D:2)
  3 giant cockroaches
  2 goblins
  4 hobgoblins
  2 jackals (D:4)
  9 kobolds
  3 quokkas
  3 ball pythons
  4 frilled lizards
  A jackal skeleton (D:4)
  A quokka skeleton (D:4)
  3 rats
98 creatures vanquished.

Notes
Turn   | Place    | Note
-------+----------+-------------------------------------------
     0 | D:1      | wolfsongas the Gargoyle Monk began the quest for the Orb.
     0 | D:1      | Reached XP level 1. HP: 14/14 MP: 1/1
   142 | D:1      | Reached XP level 2. HP: 7/20 MP: 2/2
  1002 | D:2      | Reached skill level 4 in Fighting
  1044 | D:2      | Found a shattered altar of Ashenzari.
  1099 | D:2      | Reached XP level 3. HP: 21/24 MP: 3/3
  1606 | D:2      | Found a hide-covered altar of Uskayaw.
  1616 | D:2      | Found an opulent altar of Gozag.
  1664 | D:2      | Became a worshipper of Gozag Ym Sagoz the Greedy
  1736 | D:2      | Found a stormy altar of Qazlal.
  2220 | D:3      | Reached XP level 4. HP: 22/30 MP: 4/4
  2227 | D:3      | Reached skill level 5 in Fighting
  2599 | D:3      | Found an iron altar of Okawaru.
  2603 | D:3      | Found a shadowy altar of Dithmenos.
  2623 | D:3      | Reached XP level 5. HP: 20/35 MP: 5/5
  2756 | D:3      | Found a glowing golden altar of the Shining One.
  3569 | D:4      | Reached skill level 6 in Fighting
  3569 | D:4      | Reached XP level 6. HP: 33/41 MP: 6/6
  3586 | D:4      | Found a snail-covered altar of Cheibriados.
  3620 | D:4      | Found a blossoming altar of Fedhas.
  3624 | D:4      | Noticed a sky beast
  3641 | D:4      | Killed a sky beast
  3641 | D:4      | Reached skill level 7 in Fighting
  3670 | D:4      | Reached skill level 5 in Maces & Flails
  3670 | D:4      | Reached XP level 7. HP: 39/48 MP: 7/7
  3769 | D:4      | Found a staircase to the Ecumenical Temple.
  3820 | D:4      | Found a hazy altar of Hepliaklqana.
  4028 | D:4      | Found a white marble altar of Elyvilon.
  4611 | D:4      | Noticed Sigmund
  4621 | D:4      | Killed Sigmund
  4621 | D:4      | Reached skill level 8 in Fighting
  4738 | D:5      | Entered Level 5 of the Dungeon
  4868 | D:5      | Reached XP level 8. HP: 50/55 MP: 8/8
  4871 | D:5      | Got a steaming mace
  4875 | D:5      | Identified the +9 mace "Aboz Mel" {freeze, +Fly rPois Int-3
                  | Dex+9} (You found it on level 5 of the Dungeon)
  4929 | D:5      | Reached skill level 9 in Fighting
  5371 | D:5      | Found Cuet's Jewellery Shoppe.
  5585 | D:5      | Bought the ring "Ecirph" {Fire Str+4} for 484 gold pieces
  6044 | D:6      | HP: 2/57 [orc priest/+0 vorpal war axe (2)]
  6045 | D:6      | Mangled by an orc warrior

Levels and vault maps discovered:
D:1:      nagdon_arrival_zigzag_paths, layout_basic
D:2:      kb_forest_paths, layout_loops_corners, grunt_qazlal_clouds,
          nicolae_ashenzari_panopticon, grunt_temple_overflow_open,
          lemuel_flame_loot_1
D:3:      layout_basic, okawaru_metal_pillars_1_2,
          nicolae_overflow_crystal_walls, grunt_dithmenos_smoke
D:4:      layout_cave_pools, overflow_temple_1_default, cheibriados_altar_1,
          elyvilon_altar_1, temple_doors_e, cheibrodos_sewer_entry_bend,
          fedhas_altar_1, uniq_sigmund
D:5:      layout_loops_ring, serial_shops, nicolae_shop_trees, first_ration,
          minmay_crystal_water
D:6:      layout_loops_corners

Skill      XL: |  1  2  3  4  5  6  7  8 |
---------------+-------------------------+-----
Fighting       | 4 5 6 7 8 9 |  9.9
Maces & Flails | 4 5 6 |  6.7
Dodging        | |  2.4
Stealth        | |  2.1

Action                   |  1- 3 |  4- 6 |  7- 9 || total
-------------------------+-------+-------+-------++-------
Melee: Mace              |   127 |    96 |    48 ||   271
       Morningstar       |       |    23 |    53 ||    76
Invok: Potion Petition   |       |       |     1 ||     1
  Use: Scroll            |     9 |     2 |     3 ||    14
       Potion            |       |     2 |     7 ||     9
 Stab: Sleeping          |     1 |       |     6 ||     7
       Invisible         |       |     3 |       ||     3
       Distracted        |       |       |     1 ||     1
  Eat: Chunk             |     2 |       |       ||     2
       Ration            |     1 |     1 |     2 ||     4
Armor: Ring mail         |    87 |    50 |    31 ||   168
       Robe              |     1 |       |       ||     1
Dodge: Dodged            |   106 |   115 |    63 ||   284

Table legend:
 A = Non-vault XP
 B = Vault XP
 C = Vault XP percentage of total XP
 D = Non-vault monster count
 E = Vault monster count
 F = Vault count percentage of total count
                 A         B        C        D         E       F
            +---------+---------+-------+---------+---------+-------
      Total |    1772 |     240 |  11.9 |      89 |       9 |   9.2
            +---------+---------+-------+---------+---------+-------
        D:1 |      23 |       0 |   0.0 |      12 |       0 |   0.0
        D:2 |      36 |      10 |  21.7 |      16 |       6 |  27.3
        D:3 |     173 |       0 |   0.0 |      18 |       0 |   0.0
        D:4 |     657 |     230 |  25.9 |      20 |       3 |  13.0
        D:5 |     612 |       0 |   0.0 |      19 |       0 |   0.0
        D:6 |     271 |       0 |   0.0 |       4 |       0 |   0.0
            +---------+---------+-------+---------+---------+-------
